 Dungeon Crawl Stone Soup version 0.30-a0-141-g30f27751c5 (webtiles) character file.

Game seed: 1717539114705524334

342 Belterius the Trooper (level 6, -3/56 HPs)
             Began as a Minotaur Fighter on Sept 25, 2022.
             Succumbed to a scorpion's poison
             ... on level 3 of the Dungeon.
             The game lasted 00:05:08 (2730 turns).

Belterius the Trooper (Minotaur Fighter)            Turns: 2730, Time: 00:05:08

Health: -3/56      AC:  7    Str: 23    XL:     6   Next: 30%
Magic:  0/5        EV:  9    Int:  5    God:
Gold:   218        SH:  4    Dex:  9    Spells: 5/5 levels left

rFire   . . .      SeeInvis .    a - +0 war axe
rCold   . . .      Faith    .    c - +0 buckler
rNeg    . . .      Spirit   +    b - +0 scale mail
rPois   .          Reflect  .    (helmet restricted)
rElec   .          Harm     .    (no cloak)
rCorr   .          Rampage  .    (no gloves)
Will    .....                    (no boots)
Stlth   ..........               k - amulet of guardian spirit
HPRegen 0.18/turn                (no ring)
MPRegen 0.09/turn                (no ring)

@: brilliant, lethally poisoned (-3 -> -21)
A: horns 2, retaliatory headbutt
a: no special abilities


You were on level 3 of the Dungeon.
You visited 1 branch of the dungeon, and saw 4 of its levels.

You collected 218 gold pieces.

Inventory:

Hand Weapons
 a - a +0 war axe (weapon)
Missiles
 i - 2 throwing nets (quivered)
Armour
 b - a +0 scale mail (worn)
 c - a +0 buckler (worn)
Jewellery
 k - an amulet of guardian spirit (around neck)
 m - a ring of resist corrosion
Scrolls
 f - 2 scrolls of teleportation {unknown}
 g - a scroll of noise {unknown}
 j - a scroll of silence {unknown}
 l - a scroll of amnesia {unknown}
 n - 2 scrolls of enchant armour {unknown}
 o - a scroll of brand weapon {unknown}
 q - a scroll of poison {unknown}
Potions
 d - a potion of might
 h - 3 potions of curing {unknown}
 p - a potion of resistance {unknown}


   Skills:
 + Level 5.3 Fighting
 + Level 4.5 Axes
 + Level 5.2 Armour
 + Level 5.2 Shields


You had 5 spell levels left.
You didn't know any spells.
Your spell library contained the following spells:

 Spells                   Type           Power      Damage    Failure   Level
 Beastly Appendage        Tmut           0%         N/A       86%         1
 Magic Dart               Conj           0%         1d3       86%         1
 Searing Ray              Conj           0%         2d4       94%         2
 Sublimation of Blood     Necr           0%         N/A       94%         2
 Wereblood                Tmut           0%         N/A       94%         2
 Spider Form              Tmut/Pois      0%         N/A       99%         3
 Fulminant Prism          Conj/Hex       0%         3d6       100%        4
 Summon Hydra             Summ           0%         N/A       100%        7


Dungeon Overview and Level Annotations

Branches:
Dungeon (4/15)
 Temple: D:4-7

Altars:
Ashenzari
Cheibriados
Fedhas
Qazlal
Sif Muna
Uskayaw
Vehumet
Wu Jian

Shops:
D:2 *


Innate Abilities, Weirdness & Mutations

You have a pair of horns on your head.
You reflexively headbutt those who attack you in melee.


Message History

You are too injured to fight recklessly!
You hit the scorpion but do no damage.
You headbutt the scorpion, but do no damage.
The scorpion is lightly wounded.
You feel sick. The scorpion closely misses you.
You closely miss the scorpion. Your headbutt misses the scorpion.
The scorpion is lightly wounded.
You feel sick.
You are no longer poisoned.
The scorpion stings you but does no damage.
The scorpion stings you.
You are poisoned.
The scorpion poisons you!
You slash the scorpion!
The scorpion is severely wounded.
* * * LOW HITPOINT WARNING * * *
You feel very sick. The scorpion barely misses you.
You closely miss the scorpion. You headbutt the scorpion.
The scorpion is severely wounded.
* * * LOW HITPOINT WARNING * * *
You feel very sick. You block the scorpion's attack.
The scorpion stings you but does no damage.
You hit the scorpion. Your headbutt misses the scorpion.
The scorpion is severely wounded.
You feel sick. The scorpion stings you.
* * * LOW HITPOINT WARNING * * *
You hit the scorpion but do no damage.
The scorpion is severely wounded.
* * * LOW HITPOINT WARNING * * *
You feel sick. The scorpion stings you.
* * * LOW HITPOINT WARNING * * *
The scorpion stings you.
* * * LOW HITPOINT WARNING * * *
You are more poisoned.
The scorpion poisons you!
It was a potion of brilliance.
You feel clever all of a sudden.
You die...

..# #..# #.#.#....[# ......#
####...######.....#...##
###...# ###............#....#
#...### #............#.#...
#^....### #.#............#...
#...#...### #.#..............))
#...###...###.@.#............).
#...#####..#..s###.....##..##..
#....####....#.##...#......##..
####...##....>....##...........
###.................##......
##..#.....................
#..#.....................
#........................
#.....######.............


You could see a scorpion.

Vanquished Creatures
  A phantom (D:3)
  An orc priest (D:3)
  A hound (D:3)
  A jelly (D:4)
  An iguana (D:4)
  An orc wizard (D:3)
  3 gnolls (D:2)
  4 adders
  2 dart slugs (D:2)
  An orc (D:3)
  A ball python (D:1)
  4 endoplasms
  2 giant cockroaches
  9 goblins
  5 hobgoblins
  4 jackals (D:1)
  2 quokkas
  2 bats
  3 frilled lizards
  8 kobolds
  5 rats
61 creatures vanquished.

Notes
Turn   | Place    | Note
-------+----------+-------------------------------------------
     0 | D:1      | Belterius the Minotaur Fighter began the quest for the Orb.
     0 | D:1      | Reached XP level 1. HP: 19/19 MP: 0/0
    20 | D:1      | Reached XP level 2. HP: 20/27 MP: 1/1
   895 | D:2      | Reached XP level 3. HP: 33/33 MP: 2/2
  1164 | D:2      | Reached XP level 4. HP: 32/40 MP: 3/3
  1248 | D:2      | Found Sughoz's Assorted Antiques.
  1407 | D:2      | Found a faded altar of an unknown god.
  1673 | D:2      | Found a blossoming altar of Fedhas.
  1902 | D:3      | Reached XP level 5. HP: 31/47 MP: 1/4
  2089 | D:3      | Found an ornate altar of the Wu Jian Council.
  2188 | D:3      | Found a broken altar of Ashenzari.
  2193 | D:3      | Found a shimmering blue altar of Sif Muna.
  2195 | D:3      | Found a stormy altar of Qazlal.
  2332 | D:3      | Found a snail-covered altar of Cheibriados.
  2395 | D:3      | Found a hide-covered altar of Uskayaw.
  2548 | D:4      | Found a radiant altar of Vehumet.
  2560 | D:4      | Noticed a black bear
  2561 | D:4      | Reached skill level 5 in Armour
  2569 | D:4      | Reached skill level 5 in Fighting
  2569 | D:4      | Reached skill level 5 in Shields
  2693 | D:4      | Noticed a phantom
  2720 | D:3      | Killed a phantom
  2721 | D:3      | Reached XP level 6. HP: 31/56 MP: 1/5
  2729 | D:3      | HP: 1/56 [scorpion (3)]
  2730 | D:3      | Succumbed to a scorpion's poison

Illustrated notes

Levels and vault maps discovered:
D:1:      sevenhm_arrival_forest_fort_small_3, layout_loops_ring
D:2:      layout_rooms, serial_shops, shop, basic_altar,
          nicolae_ecumenical_oubliette
D:3:      layout_rooms, nicolae_uskayaw_suspiria, chei_slow_surprise,
          grunt_temple_overflow_open, nicolae_wu_jian_glorious_leap
D:4:      layout_cave_pools, vehumet_crystals, nicolae_overflow_hidden_temple,
          minmay_temple_entry_large_hall, gammafunk_ghost_smash

Skill      XL: |  1  2  3  4  5 |
---------------+----------------+-----
Fighting       | 4 5 |  5.3
Armour         | 4 5 |  5.2
Axes           | 3 4 |  4.5
Shields        | 4 5 |  5.2

Action                   |  1- 3 |  4- 6 || total
-------------------------+-------+-------++-------
Melee: War axe           |    75 |    65 ||   140
       Headbutt          |    10 |    11 ||    21
  Use: Potion            |       |     1 ||     1
Armor: Scale mail        |    47 |    35 ||    82
Dodge: Dodged            |    29 |    34 ||    63
Block: Buckler           |    19 |    15 ||    34

Table legend: (Time is in decaauts)
 A = Elapsed time spent in this place.
 B = Non-inter-level travel time spent in this place.
 C = Inter-level travel time spent in this place.
 D = Time resting spent in this place.
 E = Time spent auto-exploring this place.
 F = Levels seen in this place.
 G = Mean time per level.
                   A        B        C        D        E       F      G
               +--------+--------+--------+--------+--------+-----+--------+
         Total |   2786 |   2644 |    142 |    654 |   1534 |   4 |  696.5 |
       Dungeon |   2786 |   2644 |    142 |    654 |   1534 |   4 |  696.5 |
               +--------+--------+--------+--------+--------+-----+--------+

Top non-repeatable levels by time:
     D:1: 1030 daAuts
     D:2: 850 daAuts
     D:3: 817 daAuts
     D:4: 88 daAuts
